 Dungeon Crawl Stone Soup version 0.13-a0-2561-ge340899 (webtiles) character file.

155 Kae the Firebug (level 4, -5/24 HPs)
             Began as a Tengu Fire Elementalist on July 30, 2013.
             Engulfed by their own flame (24 damage)
             ... on Level 2 of the Dungeon.
             The game lasted 00:02:54 (1457 turns).

Kae the Firebug (Tengu Fire Elementalist)           Turns: 1457, Time: 00:02:54

HP  -5/24        AC  2     Str  8      XL: 4   Next:  1%
MP   4/8         EV 12     Int 16      God:
Gold 97          SH  0     Dex 15      Spells:  2 memorised,  2 levels left

Res.Fire  : . . .   See Invis. : .   l - -2,-1 whip (curse)
Res.Cold  : . . .   Warding    : .   a - +0 robe
Life Prot.: . . .   Conserve   : .   (no shield)
Res.Poison: .       Res.Corr.  : .   (helmet restricted)
Res.Elec. : .       Clarity    : .   (no cloak)
Sust.Abil.: . .     Spirit.Shd : .   (no gloves)
Res.Mut.  : .       Stasis     : .   (boots unavailable)
Res.Rott. : .       Flight     : .   (no amulet)
Saprovore : . . .                    (no ring)
                                     (no ring)

@: confused, slightly resistant to hostile enchantments, very unstealthy
A: beak, talons 3
a: no special abilities


You were on level 2 of the Dungeon.
You were very hungry.

You visited 1 branch of the dungeon, and saw 2 of its levels.

You collected 77 gold pieces.

Inventory:

Hand weapons
 l - a cursed -2,-1 whip (weapon)
Armour
 a - a +0 robe (worn)
Comestibles
 c - a bread ration
 d - a meat ration
Scrolls
 e - a scroll of teleportation {unknown}
 f - a scroll of curse jewellery {unknown}
 g - 4 scrolls of enchant weapon II {unknown}
 i - 2 scrolls of remove curse {unknown}
 k - 3 scrolls of identify {unknown}
Jewellery
 m - an uncursed amulet of rage {unknown}
Potions
 h - 2 potions of brilliance {unknown}
 j - a potion of slowing {unknown}
 n - a potion of mutation {unknown}
Books
 b - a book of Flames

   Spells                             Type                      Level
   *Flame Tongue                      Conjuration/Fire             1
   Throw Flame                        Conjuration/Fire             2
   *Conjure Flame                     Conjuration/Fire             3
   Inner Flame                        Hexes/Fire                   3
   Sticky Flame                       Conjuration/Fire             4
   Fireball                           Conjuration/Fire             5


   Skills:
 - Level 2.1 Dodging
 - Level 2.0 Stealth
 + Level 1.6 Spellcasting
 * Level 3.5 Conjurations
 + Level 4.0 Fire Magic


You had 2 spell levels left.
You knew the following spells:

 Your Spells              Type           Power        Failure   Level  Hunger
a - Flame Tongue          Conj/Fire      ##...        6%          1    ##.....
b - Conjure Flame         Conj/Fire      ##......     14%         3    ####...


Dungeon Overview and Level Annotations

Branches:
Dungeon (2/27)

Altars:
Trog

Annotations
D:2 Sigmund, Terence


Innate Abilities, Weirdness & Mutations

You have a beak for a mouth.
You have claws for feet.


Message History

You continue memorising.
You finish memorising.
Casting: Flame Tongue
Confirm with . or Enter, or press ? or * to list all spells.
You don't know that spell.
Casting: Flame Tongue
Confirm with . or Enter, or press ? or * to list all spells.
Aiming: Conjure Flame
Press: ? - help, Dir - move target cursor The fire roars!
Sigmund gestures at you while chanting.
You are confused.
You're too confused to cast spells.
You're too confused to cast spells.
Ouch!
Sigmund hits you from afar with a scythe.
Ouch! Sigmund closely misses you.
You are engulfed in roaring flames.
Ouch! That really hurt!
You die...

###......# #....
#........############..
#.....>................
#.......#############.#
#.......# #.. #.......#
#.. ##.......# #..
#####........# ####)
#.........#@## #....
#.........#@# #....
#.........#.# #....
#.........#.# #....
#.........#.# #....
#.........#'# ###).
#............ #..
#######..@... #..
..@....# #..


You could see Sigmund.

Vanquished Creatures
  A worm (D:2)
  A giant gecko (D:1)
  5 giant cockroaches
  9 goblins
  5 hobgoblins (D:1)
  3 jackals (D:1)
  A quokka (D:2)
  3 ball pythons
  7 bats
  3 giant newts
  4 kobolds
  4 rats (D:1)
46 creatures vanquished.

Notes
Turn   | Place    | Note
--------------------------------------------------------------
     0 | D:1      | Kae, the Tengu Fire Elementalist, began the quest for the Orb.
     0 | D:1      | Reached XP level 1. HP: 10/10 MP: 3/3
   199 | D:1      | Reached XP level 2. HP: 15/15 MP: 5/5
   511 | D:1      | Reached XP level 3. HP: 19/19 MP: 7/7
  1319 | D:2      | Found a bloodstained altar of Trog.
  1319 | D:2      | Noticed Terence
  1324 | D:2      | Noticed Sigmund
  1434 | D:2      | Reached skill level 4 in Fire Magic
  1434 | D:2      | Reached XP level 4. HP: 24/24 MP: 6/8
  1454 | D:2      | Learned a level 3 spell: Conjure Flame
  1457 | D:2      | Engulfed by their own flame

Action                   |  1- 3 |  4- 6 || total
-------------------------+-------+-------++-------
Melee: Unarmed           |    12 |       ||    12
       Whip              |     4 |       ||     4
 Cast: Flame Tongue      |    77 |     1 ||    78
       Conjure Flame     |       |     1 ||     1
